[ AOE2 MATCH · #470683094 ]
UnrankedTurks vs Berbers
Player's team · LOSS
[ REPLAY ANALYSIS · EXTRACTED FROM THE RECORDED GAME ]
Feudal
19:10
Castle
24:47
Imperial
40:58
| APM avg | 18.5 |
| APM peak | 189 |
| eAPM avg | 12.9 |
| Villagers / military | 315 / 1875 |
Focus
⚔️ 54.2% · 🌾 45.8%
Scout Cavalry ×1331 · Janissary ×130 · Hand Cannoneer ×119 · Skirmisher ×113 · Knight ×71 · Cavalry Archer ×48
Feudal
15:16
Castle
26:36
Imperial
49:11
| APM avg | 19.0 |
| APM peak | 50 |
| eAPM avg | 13.4 |
| Villagers / military | 243 / 818 |
Focus
⚔️ 41.7% · 🌾 58.3%
Spearman ×268 · Centurion ×210 · Scorpion ×151 · Militia ×135 · Battering Ram ×23 · Trebuchet (Packed) ×17
Feudal
15:23
Castle
20:00
Imperial
37:16
| APM avg | 11.7 |
| APM peak | 107 |
| eAPM avg | 8.6 |
| Villagers / military | 185 / 172 |
Focus
⚔️ 34.7% · 🌾 65.3%
Battle Elephant ×64 · Arambai ×45 · Knight ×27 · Skirmisher ×13 · Battering Ram ×13 · Monk ×5
Feudal
15:09
Castle
—
Imperial
—
| APM avg | 0.7 |
| APM peak | 21 |
| eAPM avg | 0.6 |
| Villagers / military | 23 / 0 |
Focus
⚔️ 0.0% · 🌾 100.0%
Feudal
17:18
Castle
22:54
Imperial
37:46
| APM avg | 17.8 |
| APM peak | 84 |
| eAPM avg | 10.7 |
| Villagers / military | 128 / 129 |
Focus
⚔️ 37.8% · 🌾 62.2%
Unknown (1959) ×634 · Unknown (1962) ×84 · Scout Cavalry ×81 · Unknown (1944) ×50 · Battering Ram ×32 · Mangonel ×15
Feudal
14:13
Castle
19:51
Imperial
43:19
| APM avg | 15.1 |
| APM peak | 59 |
| eAPM avg | 11.9 |
| Villagers / military | 502 / 561 |
Focus
⚔️ 21.5% · 🌾 78.5%
Scout Cavalry ×190 · Skirmisher ×136 · Knight ×117 · Archer ×105 · Cavalry Archer ×10 · Spearman ×3
Feudal
17:31
Castle
23:31
Imperial
39:14
| APM avg | 19.4 |
| APM peak | 69 |
| eAPM avg | 11.9 |
| Villagers / military | 208 / 1631 |
Focus
⚔️ 46.3% · 🌾 53.7%
Spearman ×949 · Skirmisher ×340 · Chu Ko Nu ×140 · Scout Cavalry ×137 · Iron Pagoda ×27 · Fire Lancer ×25
Feudal
16:49
Castle
23:05
Imperial
40:40
| APM avg | 8.4 |
| APM peak | 56 |
| eAPM avg | 5.6 |
| Villagers / military | 190 / 181 |
Focus
⚔️ 24.1% · 🌾 75.9%
Camel Archer ×128 · Scout Cavalry ×39 · Trebuchet (Packed) ×6 · Knight ×4 · Bombard Cannon ×2 · Monk ×1
Match map
Initial resources + every placement click. Lines = walls · curves = elevation contours. ◆ gold · ⬟ stone · ● berries · ✦ relic · ◌ wall gap
Your base· Open — unwalled flank
MM10X's base· Open — unwalled flank
Ironteden's base· Open — 7t gap
Juanma_Breda's base· Open — unwalled flank
Rowdy's base· Open — unwalled flank
REY MICAEL's base· Open — 7t gap
Pchelovek's base· Open — unwalled flank
BigTasty's base· Open — 2t gap
Smoothed initial terrain · ◌ = detected wall gap · hover for details
Inputs per minute
— topuzergun91 - - MM10X
Build order — topuzergun91
First 150 of 1009 actions detected
| 1:16 | Build | House |
| 2:49 | Build | House |
| 3:02 | Build | Town Center |
| 3:41 | Build | House |
| 5:32 | Create | Villager (Male) ×4 |
| 5:32 | Create | Villager (Male) ×4 |
| 6:46 | Create | Villager (Male) |
| 6:46 | Create | Villager (Male) |
| 7:13 | Create | Villager (Male) |
| 7:14 | Create | Villager (Male) |
| 7:45 | Create | Villager (Male) |
| 7:45 | Create | Villager (Male) |
| 7:53 | Create | Villager (Male) |
| 8:24 | Create | Villager (Male) |
| 8:24 | Create | Villager (Male) |
| 8:58 | Build | Mining Camp |
| 9:02 | Create | Villager (Male) |
| 9:02 | Create | Villager (Male) |
| 9:22 | Create | Villager (Male) |
| 9:22 | Create | Villager (Male) |
| 9:44 | Build | House |
| 9:45 | Build | House |
| 9:47 | Build | House |
| 10:04 | Create | Villager (Male) |
| 10:04 | Create | Villager (Male) |
| 10:16 | Create | Villager (Male) |
| 10:16 | Create | Villager (Male) |
| 10:39 | Create | Villager (Male) |
| 10:40 | Create | Villager (Male) |
| 11:01 | Build | House |
| 11:02 | Build | House |
| 11:14 | Create | Villager (Male) |
| 11:14 | Create | Villager (Male) |
| 11:14 | Create | Villager (Male) |
| 11:54 | Create | Villager (Male) |
| 11:54 | Create | Villager (Male) |
| 12:06 | Create | Villager (Male) |
| 12:06 | Create | Villager (Male) |
| 12:16 | Build | Mill |
| 13:13 | Create | Villager (Male) |
| 13:13 | Create | Villager (Male) |
| 13:13 | Create | Villager (Male) |
| 14:10 | Create | Villager (Male) |
| 14:11 | Create | Villager (Male) |
| 15:10 | Create | Villager (Male) |
| 15:10 | Create | Villager (Male) |
| 15:11 | Create | Villager (Male) |
| 15:41 | Create | Villager (Male) |
| 15:41 | Create | Villager (Male) |
| 15:51 | Build | Lumber Camp |
| 15:59 | Create | Villager (Male) |
| 15:59 | Create | Villager (Male) |
| 17:00 | Research | Feudal Age |
| 17:53 | Create | Villager (Male) ×4 |
| 18:22 | Build | Mill |
| 18:42 | Build | Farm |
| 18:44 | Build | Farm |
| 18:45 | Build | Farm |
| 18:47 | Build | Farm |
| 18:49 | Build | Farm |
| 18:51 | Build | Farm |
| 18:52 | Build | Farm |
| 19:10 | Age | Feudal Age |
| 19:15 | Research | Double-Bit Axe |
| 19:18 | Research | Horse Collar |
| 19:35 | Create | Villager (Male) ×5 |
| 20:15 | Build | Market |
| 20:23 | Create | Villager (Male) |
| 20:24 | Create | Villager (Male) |
| 20:32 | Build | Blacksmith |
| 20:43 | Create | Villager (Male) |
| 21:42 | Create | Villager (Male) |
| 21:59 | Research | Castle Age |
| 22:59 | Build | House |
| 23:00 | Build | House |
| 23:01 | Build | House |
| 23:02 | Build | House |
| 23:19 | Build | Stone Wall |
| 23:26 | Build | Stone Wall |
| 23:31 | Build | Stone Wall |
| 23:37 | Build | Stone Wall |
| 23:40 | Build | Stone Wall |
| 23:54 | Build | Farm |
| 23:55 | Build | Farm |
| 23:56 | Build | Farm |
| 23:58 | Build | Farm |
| 24:01 | Build | Farm |
| 24:03 | Build | Farm |
| 24:04 | Build | Farm |
| 24:33 | Build | Stone Wall |
| 24:47 | Age | Castle Age |
| 24:55 | Build | Town Center |
| 25:01 | Research | Wheelbarrow |
| 25:04 | Research | Bow Saw |
| 25:08 | Research | Heavy Plow |
| 25:11 | Create | Villager (Male) ×5 |
| 25:34 | Build | Stone Wall |
| 26:01 | Build | Town Center |
| 26:07 | Create | Villager (Male) ×5 |
| 26:07 | Create | Villager (Male) ×5 |
| 26:08 | Create | Villager (Male) ×5 |
| 26:17 | Research | Hand Cart |
| 26:31 | Build | Monastery |
| 26:39 | Create | Villager (Male) ×3 |
| 26:52 | Create | Villager (Male) ×5 |
| 27:29 | Build | University |
| 27:34 | Create | Monk |
| 27:39 | Create | Villager (Male) ×3 |
| 27:50 | Create | Villager (Male) ×5 |
| 28:08 | Build | Farm |
| 28:09 | Build | Farm |
| 28:11 | Build | Farm |
| 28:18 | Build | Farm |
| 28:19 | Build | Farm |
| 28:21 | Build | Farm |
| 28:24 | Build | Farm |
| 28:26 | Build | Farm |
| 28:28 | Build | Farm |
| 28:35 | Build | Farm |
| 28:44 | Create | Villager (Male) ×5 |
| 28:46 | Create | Villager (Male) ×3 |
| 28:59 | Create | Villager (Male) ×2 |
| 29:06 | Build | Farm |
| 29:14 | Build | Lumber Camp |
| 29:26 | Build | Lumber Camp |
| 29:31 | Create | Villager (Male) ×4 |
| 29:33 | Create | Villager (Male) |
| 29:47 | Build | Gate |
| 30:02 | Build | Gate |
| 30:12 | Build | Gate |
| 30:18 | Create | Villager (Male) ×5 |
| 30:19 | Create | Villager (Male) ×3 |
| 30:36 | Build | Farm |
| 30:37 | Build | Farm |
| 30:39 | Build | Farm |
| 30:40 | Build | Farm |
| 30:42 | Build | Farm |
| 31:03 | Build | Farm |
| 31:04 | Build | Farm |
| 31:06 | Build | Farm |
| 31:08 | Build | Farm |
| 31:10 | Build | Farm |
| 31:13 | Build | Farm |
| 31:15 | Build | Farm |
| 31:18 | Build | Farm |
| 31:20 | Build | Farm |
| 31:29 | Build | Farm |
| 31:30 | Build | Farm |
| 31:38 | Build | Farm |
| 31:39 | Build | Farm |
Build order — MM10X
First 150 of 821 actions detected
| 1:08 | Build | Town Center |
| 2:50 | Build | House |
| 3:06 | Create | Villager (Male) ×4 |
| 3:06 | Create | Villager (Male) ×4 |
| 4:43 | Create | Villager (Male) |
| 4:44 | Create | Villager (Male) |
| 5:24 | Create | Villager (Male) |
| 5:43 | Build | House |
| 5:54 | Research | Loom |
| 6:01 | Build | House |
| 6:13 | Create | Villager (Male) |
| 6:22 | Create | Villager (Male) |
| 6:26 | Create | Villager (Male) |
| 6:33 | Build | House |
| 6:43 | Build | Palisade Gate |
| 6:45 | Build | House |
| 6:47 | Create | Villager (Male) |
| 7:44 | Create | Villager (Male) |
| 7:45 | Create | Villager (Male) |
| 7:46 | Create | Villager (Male) |
| 7:46 | Create | Villager (Male) |
| 8:00 | Create | Villager (Male) |
| 8:33 | Build | Palisade Wall |
| 8:46 | Build | Palisade Gate |
| 8:51 | Build | Palisade Wall |
| 8:55 | Create | Villager (Male) |
| 10:03 | Create | Villager (Male) |
| 10:03 | Create | Villager (Male) |
| 10:04 | Create | Villager (Male) |
| 10:09 | Build | Palisade Gate |
| 10:14 | Build | House |
| 10:29 | Build | Mill |
| 10:35 | Create | Villager (Male) |
| 10:36 | Create | Villager (Male) |
| 10:42 | Build | Palisade Wall |
| 10:58 | Build | Palisade Gate |
| 11:02 | Create | Villager (Male) |
| 11:31 | Create | Villager (Male) |
| 12:03 | Build | Barracks |
| 12:29 | Build | Lumber Camp |
| 12:39 | Create | Villager (Male) |
| 12:51 | Build | Palisade Wall |
| 12:56 | Research | Feudal Age |
| 13:29 | Build | Mining Camp |
| 13:59 | Build | Palisade Gate |
| 14:04 | Build | Palisade Wall |
| 14:18 | Build | Mining Camp |
| 14:53 | Build | Farm |
| 14:55 | Build | Farm |
| 15:16 | Age | Feudal Age |
| 15:19 | Create | Villager (Male) ×5 |
| 15:38 | Build | Mill |
| 15:44 | Create | Villager (Male) |
| 16:13 | Build | Stable |
| 16:27 | Build | Gate |
| 16:33 | Build | Stone Wall |
| 16:47 | Create | Villager (Male) |
| 16:47 | Create | Villager (Male) |
| 17:25 | Create | Villager (Male) |
| 17:26 | Create | Villager (Male) |
| 17:26 | Create | Villager (Male) |
| 17:35 | Create | Villager (Male) |
| 17:36 | Create | Villager (Male) |
| 17:41 | Create | Scout Cavalry ×5 |
| 17:49 | Build | Gate |
| 17:54 | Build | Stone Wall |
| 17:57 | Build | Stone Wall |
| 18:39 | Build | House |
| 18:45 | Build | Stone Wall |
| 18:57 | Create | Spearman |
| 18:57 | Create | Spearman |
| 18:57 | Create | Spearman |
| 18:59 | Create | Villager (Male) |
| 19:05 | Build | Gate |
| 19:11 | Build | Stone Wall |
| 19:14 | Build | Stone Wall |
| 19:17 | Build | House |
| 19:24 | Create | Villager (Male) |
| 19:33 | Build | House |
| 20:48 | Build | Farm |
| 20:49 | Build | Farm |
| 20:51 | Build | Farm |
| 20:52 | Build | Farm |
| 20:54 | Build | Farm |
| 20:55 | Build | Farm |
| 20:57 | Build | Farm |
| 20:58 | Create | Villager (Male) |
| 21:09 | Build | House |
| 21:11 | Build | House |
| 21:16 | Build | House |
| 21:25 | Build | Stone Wall |
| 21:41 | Create | Villager (Male) |
| 21:45 | Build | House |
| 22:14 | Build | Blacksmith |
| 22:19 | Build | Lumber Camp |
| 22:22 | Create | Villager (Male) |
| 22:31 | Build | Mill |
| 23:29 | Build | Gate |
| 23:48 | Build | Stone Wall |
| 23:50 | Build | Stone Wall |
| 23:56 | Research | Castle Age |
| 24:05 | Build | Lumber Camp |
| 24:20 | Research | Bloodlines |
| 24:24 | Research | Double-Bit Axe |
| 24:26 | Research | Gold Mining |
| 24:53 | Build | Gate |
| 24:57 | Build | Stone Wall |
| 25:13 | Create | Villager (Male) |
| 25:20 | Research | Horse Collar |
| 25:22 | Research | Stone Mining |
| 25:24 | Research | Forging |
| 25:37 | Build | Farm |
| 25:42 | Create | Villager (Male) |
| 26:16 | Build | Mill |
| 26:29 | Build | House |
| 26:36 | Build | Outpost |
| 26:36 | Age | Castle Age |
| 26:41 | Build | Gate |
| 26:46 | Create | Villager (Male) |
| 26:47 | Create | Villager (Male) |
| 26:47 | Create | Villager (Male) |
| 27:13 | Create | Villager (Male) |
| 27:31 | Build | Stone Wall |
| 27:56 | Build | Siege Workshop |
| 28:07 | Build | Outpost |
| 28:24 | Build | Farm |
| 28:26 | Create | Villager (Male) |
| 28:29 | Research | Wheelbarrow |
| 28:41 | Build | Town Center |
| 28:58 | Build | Barracks |
| 29:00 | Create | Scorpion ×5 |
| 29:08 | Research | Scale Mail Armor |
| 29:12 | Create | Villager (Male) |
| 29:37 | Build | Town Center |
| 29:41 | Build | Farm |
| 29:42 | Build | Farm |
| 29:43 | Build | Farm |
| 29:47 | Build | Farm |
| 29:49 | Build | Farm |
| 29:51 | Build | Farm |
| 29:57 | Research | Squires |
| 29:57 | Create | Spearman ×5 |
| 30:02 | Build | Barracks |
| 30:06 | Create | Villager (Male) |
| 30:06 | Create | Villager (Male) |
| 30:07 | Create | Villager (Male) |
| 30:07 | Create | Villager (Male) |
| 30:45 | Create | Scorpion |
| 30:45 | Create | Scorpion |
| 31:02 | Research | Pikeman (upgrade) |
Build order — Ironteden
First 150 of 676 actions detected
| 1:11 | Build | House |
| 1:39 | Build | Town Center |
| 3:21 | Build | House |
| 3:41 | Research | Loom |
| 3:41 | Research | Loom |
| 3:41 | Research | Loom |
| 3:42 | Create | Villager (Male) |
| 3:42 | Create | Villager (Male) |
| 3:42 | Create | Villager (Male) |
| 3:42 | Create | Villager (Male) |
| 3:42 | Create | Villager (Male) |
| 3:43 | Create | Villager (Male) |
| 5:24 | Create | Villager (Male) |
| 5:24 | Create | Villager (Male) |
| 5:25 | Create | Villager (Male) |
| 5:55 | Create | Villager (Male) |
| 5:56 | Create | Villager (Male) |
| 6:19 | Build | Lumber Camp |
| 6:23 | Create | Villager (Male) |
| 6:24 | Create | Villager (Male) |
| 6:24 | Create | Villager (Male) |
| 7:01 | Build | House |
| 7:04 | Build | House |
| 7:24 | Create | Villager (Male) |
| 7:24 | Create | Villager (Male) |
| 7:24 | Create | Villager (Male) |
| 7:25 | Create | Villager (Male) |
| 7:25 | Create | Villager (Male) |
| 8:32 | Create | Villager (Male) |
| 8:33 | Create | Villager (Male) |
| 8:48 | Create | Villager (Male) |
| 8:48 | Create | Villager (Male) |
| 9:00 | Build | Mill |
| 9:34 | Create | Villager (Male) |
| 9:59 | Build | House |
| 10:20 | Create | Villager (Male) |
| 10:37 | Create | Villager (Male) |
| 11:07 | Create | Villager (Male) |
| 11:07 | Create | Villager (Male) |
| 11:08 | Create | Villager (Male) |
| 11:16 | Build | Mining Camp |
| 13:13 | Research | Feudal Age |
| 13:31 | Create | Villager (Male) |
| 13:31 | Create | Villager (Male) |
| 13:31 | Create | Villager (Male) |
| 13:31 | Create | Villager (Male) |
| 14:54 | Create | Villager (Male) |
| 15:23 | Age | Feudal Age |
| 15:31 | Build | Market |
| 15:33 | Build | Blacksmith |
| 16:03 | Create | Villager (Male) |
| 17:20 | Research | Castle Age |
| 17:37 | Research | Horse Collar |
| 18:11 | Research | Wheelbarrow |
| 20:00 | Age | Castle Age |
| 20:06 | Research | Heavy Plow |
| 20:12 | Create | Villager (Male) |
| 20:16 | Build | House |
| 20:19 | Build | Palisade Gate |
| 20:21 | Build | House |
| 20:29 | Build | Town Center |
| 20:47 | Build | Town Center |
| 21:06 | Build | Monastery |
| 21:12 | Create | Villager (Male) |
| 21:45 | Research | Hand Cart |
| 21:49 | Create | Villager (Male) |
| 21:54 | Create | Villager (Male) |
| 22:09 | Build | House |
| 22:11 | Build | Palisade Gate |
| 22:12 | Build | House |
| 22:14 | Create | Monk |
| 22:16 | Research | Fervor |
| 22:17 | Create | Monk |
| 22:20 | Create | Villager (Male) |
| 22:31 | Create | Villager (Male) |
| 22:41 | Create | Villager (Male) |
| 22:50 | Build | Town Center |
| 22:54 | Create | Villager (Male) |
| 22:54 | Create | Villager (Male) |
| 23:01 | Build | House |
| 23:02 | Build | Palisade Gate |
| 23:04 | Build | House |
| 23:06 | Build | House |
| 23:11 | Create | Villager (Male) |
| 23:43 | Create | Villager (Male) |
| 23:44 | Create | Villager (Male) |
| 23:44 | Create | Villager (Male) |
| 23:54 | Create | Villager (Male) |
| 24:00 | Create | Villager (Male) |
| 24:01 | Create | Villager (Male) |
| 24:40 | Create | Villager (Male) |
| 24:41 | Create | Villager (Male) |
| 24:41 | Create | Villager (Male) |
| 25:01 | Build | Farm |
| 25:02 | Build | Farm |
| 25:02 | Build | Farm |
| 25:02 | Build | Farm |
| 25:02 | Build | Farm |
| 25:03 | Build | Farm |
| 25:03 | Build | Farm |
| 25:03 | Build | Farm |
| 25:12 | Build | House |
| 25:14 | Create | Villager (Male) |
| 25:14 | Create | Villager (Male) |
| 25:23 | Build | Farm |
| 25:46 | Build | Farm |
| 25:59 | Build | House |
| 26:01 | Build | House |
| 26:02 | Build | House |
| 26:12 | Create | Villager (Male) |
| 26:13 | Create | Villager (Male) |
| 26:14 | Create | Villager (Male) |
| 26:14 | Create | Villager (Male) |
| 26:15 | Create | Villager (Male) |
| 26:16 | Create | Villager (Male) |
| 26:16 | Create | Villager (Male) |
| 26:17 | Create | Villager (Male) |
| 26:21 | Create | Monk |
| 26:35 | Build | Farm |
| 26:38 | Build | Farm |
| 26:39 | Build | Farm |
| 26:42 | Build | House |
| 26:46 | Build | Palisade Gate |
| 26:48 | Build | House |
| 26:50 | Build | House |
| 26:51 | Build | House |
| 27:04 | Build | Town Center |
| 27:11 | Create | Villager (Male) |
| 27:12 | Create | Monk |
| 27:13 | Create | Villager (Male) |
| 27:14 | Create | Villager (Male) |
| 27:35 | Build | Farm |
| 27:37 | Build | Farm |
| 27:41 | Build | Outpost |
| 27:42 | Create | Villager (Male) |
| 27:42 | Create | Villager (Male) |
| 27:43 | Create | Villager (Male) |
| 27:43 | Create | Villager (Male) |
| 27:43 | Create | Villager (Male) |
| 28:18 | Create | Villager (Male) |
| 28:18 | Create | Villager (Male) |
| 28:19 | Create | Villager (Male) |
| 28:21 | Build | Farm |
| 28:24 | Build | Outpost |
| 28:25 | Create | Villager (Male) |
| 28:26 | Create | Villager (Male) |
| 28:26 | Create | Villager (Male) |
| 28:33 | Build | Farm |
| 28:34 | Build | Farm |
| 28:36 | Create | Villager (Male) |
Build order — Juanma_Breda
47 actions detected in the replay
| 0:22 | Build | Town Center |
| 3:21 | Build | House |
| 3:24 | Build | House |
| 3:26 | Build | House |
| 3:27 | Build | House |
| 3:37 | Research | Loom |
| 3:38 | Create | Villager (Male) |
| 3:38 | Create | Villager (Male) |
| 3:39 | Create | Villager (Male) |
| 3:39 | Create | Villager (Male) |
| 4:48 | Create | Villager (Male) |
| 5:31 | Build | Lumber Camp |
| 5:50 | Create | Villager (Male) |
| 6:04 | Create | Villager (Male) |
| 6:40 | Create | Villager (Male) |
| 6:42 | Create | Villager (Male) |
| 7:05 | Create | Villager (Male) |
| 8:12 | Build | Mill |
| 8:26 | Create | Villager (Male) |
| 9:11 | Create | Villager (Male) |
| 9:48 | Build | Mill |
| 9:59 | Create | Villager (Male) |
| 10:36 | Build | Farm |
| 10:39 | Create | Villager (Male) |
| 11:38 | Build | Farm |
| 11:41 | Create | Villager (Male) |
| 12:21 | Build | Mining Camp |
| 12:26 | Create | Villager (Male) |
| 12:56 | Build | Farm |
| 12:59 | Research | Feudal Age |
| 13:00 | Create | Villager (Male) |
| 15:09 | Age | Feudal Age |
| 15:14 | Research | Wheelbarrow |
| 15:15 | Create | Villager (Male) |
| 15:16 | Research | Town Watch |
| 15:20 | Research | Gold Mining |
| 15:22 | Create | Villager (Male) |
| 15:30 | Research | Double-Bit Axe |
| 15:33 | Create | Villager (Male) |
| 15:44 | Build | Farm |
| 15:58 | Build | Mining Camp |
| 16:25 | Research | Horse Collar |
| 16:29 | Create | Villager (Male) |
| 16:51 | Research | Stone Mining |
| 17:22 | Build | Mill |
| 17:35 | Create | Villager (Male) |
| 17:39 | Create | Villager (Male) |
Build order — Rowdy
First 150 of 584 actions detected
| 0:23 | Build | Town Center |
| 2:45 | Build | House |
| 3:06 | Research | Loom |
| 3:06 | Create | Villager (Male) ×4 |
| 3:59 | Build | House |
| 4:22 | Build | House |
| 4:48 | Build | House |
| 5:01 | Create | Villager (Male) |
| 5:42 | Build | Lumber Camp |
| 5:44 | Create | Villager (Male) |
| 5:44 | Create | Villager (Male) |
| 6:04 | Create | Villager (Male) |
| 6:28 | Create | Villager (Male) |
| 6:44 | Create | Villager (Male) |
| 7:22 | Create | Villager (Male) |
| 7:32 | Create | Villager (Male) |
| 8:12 | Create | Villager (Male) |
| 8:16 | Create | Villager (Male) |
| 9:12 | Create | Villager (Male) |
| 9:12 | Create | Villager (Male) |
| 10:08 | Create | Villager (Male) |
| 10:08 | Create | Villager (Male) |
| 10:08 | Create | Villager (Male) |
| 10:22 | Build | Lumber Camp |
| 10:57 | Create | Villager (Male) |
| 11:03 | Build | Mill |
| 11:34 | Build | House |
| 11:39 | Build | House |
| 11:42 | Create | Villager (Male) |
| 11:46 | Build | Farm |
| 11:47 | Build | Farm |
| 11:52 | Build | Farm |
| 11:53 | Build | Farm |
| 12:01 | Create | Villager (Male) |
| 12:01 | Create | Villager (Male) |
| 12:12 | Build | Farm |
| 12:14 | Build | Farm |
| 12:33 | Build | Farm |
| 12:45 | Build | Farm |
| 12:47 | Build | Farm |
| 12:48 | Build | Farm |
| 12:49 | Build | Farm |
| 12:52 | Build | Farm |
| 12:53 | Build | Farm |
| 12:57 | Create | Villager (Male) |
| 12:57 | Create | Villager (Male) |
| 13:09 | Build | Farm |
| 13:12 | Build | Farm |
| 13:32 | Create | Villager (Male) |
| 13:41 | Create | Villager (Male) |
| 13:42 | Create | Villager (Male) |
| 13:59 | Build | Mining Camp |
| 14:30 | Build | Barracks |
| 14:59 | Research | Feudal Age |
| 15:12 | Build | House |
| 15:17 | Build | House |
| 15:54 | Build | House |
| 17:18 | Age | Feudal Age |
| 17:18 | Research | Wheelbarrow |
| 17:19 | Research | Double-Bit Axe |
| 17:22 | Research | Horse Collar |
| 17:27 | Build | House |
| 17:50 | Build | Market |
| 18:07 | Build | Blacksmith |
| 18:26 | Build | Stable |
| 18:32 | Create | Villager (Male) |
| 18:33 | Create | Villager (Male) |
| 18:40 | Build | House |
| 19:04 | Build | Mining Camp |
| 19:17 | Build | Stable |
| 19:20 | Build | House |
| 19:24 | Create | Villager (Male) |
| 19:26 | Create | Villager (Male) |
| 19:46 | Research | Castle Age |
| 20:17 | Research | Gold Mining |
| 20:20 | Research | Stone Mining |
| 20:39 | Create | Scout Cavalry |
| 20:48 | Build | Stone Wall |
| 20:53 | Build | Gate |
| 21:42 | Build | House |
| 22:32 | Build | Stone Wall |
| 22:54 | Age | Castle Age |
| 23:00 | Build | Town Center |
| 23:03 | Create | Villager (Male) ×5 |
| 23:17 | Build | Town Center |
| 24:27 | Create | Villager (Male) |
| 24:28 | Create | Villager (Male) |
| 24:28 | Create | Villager (Male) |
| 24:28 | Create | Villager (Male) |
| 24:28 | Create | Villager (Male) |
| 24:42 | Research | Forging |
| 24:43 | Research | Scale Mail Armor |
| 24:56 | Create | Villager (Male) ×5 |
| 25:18 | Create | Villager (Male) ×5 |
| 25:46 | Research | Arson |
| 25:46 | Research | Squires |
| 26:18 | Build | Mill |
| 26:24 | Create | Villager (Male) |
| 26:24 | Create | Villager (Male) |
| 26:24 | Create | Villager (Male) |
| 26:42 | Build | Castle |
| 26:50 | Build | House |
| 26:54 | Build | House |
| 27:08 | Create | Villager (Male) |
| 27:09 | Create | Villager (Male) |
| 27:09 | Create | Villager (Male) |
| 27:13 | Build | Farm |
| 27:14 | Build | Farm |
| 27:16 | Build | Farm |
| 27:17 | Build | Farm |
| 27:20 | Build | Farm |
| 27:21 | Build | Farm |
| 27:22 | Build | Farm |
| 27:23 | Build | Farm |
| 27:27 | Create | Villager (Male) |
| 27:27 | Create | Villager (Male) |
| 27:27 | Create | Villager (Male) |
| 27:28 | Create | Villager (Male) |
| 27:28 | Create | Villager (Male) |
| 27:28 | Create | Villager (Male) |
| 28:01 | Create | Unit 1959 ×5 |
| 28:04 | Create | Villager (Male) |
| 28:04 | Create | Villager (Male) |
| 28:05 | Create | Villager (Male) |
| 28:19 | Build | Siege Workshop |
| 28:34 | Create | Villager (Male) |
| 28:34 | Create | Villager (Male) |
| 28:34 | Create | Villager (Male) |
| 29:04 | Create | Unit 1959 |
| 29:04 | Create | Unit 1959 |
| 29:05 | Create | Unit 1959 |
| 29:08 | Create | Villager (Male) |
| 29:08 | Create | Villager (Male) |
| 29:09 | Create | Villager (Male) |
| 29:12 | Create | Battering Ram |
| 29:16 | Create | Battering Ram |
| 29:22 | Create | Villager (Male) |
| 29:23 | Create | Villager (Male) |
| 29:45 | Build | Farm |
| 29:46 | Build | Farm |
| 29:55 | Create | Unit 1959 |
| 29:55 | Create | Unit 1959 |
| 30:06 | Create | Villager (Male) |
| 30:06 | Create | Villager (Male) |
| 30:06 | Create | Villager (Male) |
| 30:12 | Build | House |
| 30:15 | Build | House |
| 30:16 | Build | House |
| 30:18 | Build | House |
| 30:48 | Create | Villager (Male) |
Build order — REY MICAEL
First 150 of 1054 actions detected
| 0:21 | Build | Town Center |
| 0:52 | Build | House |
| 0:55 | Build | House |
| 3:10 | Create | Villager (Male) |
| 3:10 | Create | Villager (Male) |
| 3:46 | Create | Villager (Male) |
| 4:09 | Create | Villager (Male) |
| 4:09 | Create | Villager (Male) |
| 5:05 | Create | Villager (Male) |
| 5:39 | Create | Villager (Male) |
| 5:58 | Create | Villager (Male) |
| 6:28 | Create | Villager (Male) |
| 7:15 | Create | Villager (Male) |
| 7:16 | Create | Villager (Male) |
| 7:42 | Build | House |
| 7:43 | Build | House |
| 8:04 | Create | Villager (Male) |
| 8:04 | Create | Villager (Male) |
| 8:08 | Build | Mill |
| 8:25 | Create | Villager (Male) |
| 8:49 | Research | Loom |
| 8:52 | Create | Villager (Male) |
| 8:52 | Create | Villager (Male) |
| 8:55 | Create | Villager (Male) |
| 9:14 | Create | Villager (Male) |
| 9:25 | Build | Lumber Camp |
| 10:21 | Create | Villager (Male) |
| 10:36 | Create | Villager (Male) |
| 11:28 | Build | House |
| 11:30 | Build | House |
| 11:31 | Build | House |
| 11:45 | Create | Villager (Male) |
| 12:06 | Research | Feudal Age |
| 12:07 | Create | Villager (Male) |
| 14:13 | Age | Feudal Age |
| 14:16 | Build | Market |
| 14:22 | Build | Blacksmith |
| 14:35 | Create | Villager (Male) |
| 14:39 | Create | Villager (Male) |
| 15:13 | Build | Mill |
| 15:27 | Create | Villager (Male) |
| 15:49 | Create | Villager (Male) |
| 16:10 | Create | Villager (Male) |
| 16:17 | Create | Villager (Male) |
| 16:36 | Create | Villager (Male) |
| 16:41 | Create | Villager (Male) |
| 16:46 | Build | Farm |
| 16:46 | Build | Farm |
| 17:21 | Research | Castle Age |
| 17:24 | Research | Castle Age |
| 17:27 | Create | Villager (Male) |
| 17:28 | Create | Villager (Male) |
| 17:40 | Build | Lumber Camp |
| 18:00 | Research | Double-Bit Axe |
| 18:30 | Build | Mining Camp |
| 19:51 | Age | Castle Age |
| 20:13 | Build | Town Center |
| 20:19 | Create | Villager (Male) |
| 20:22 | Research | Bow Saw |
| 20:35 | Build | Town Center |
| 20:44 | Create | Villager (Male) |
| 21:05 | Build | Barracks |
| 21:07 | Create | Villager (Male) |
| 21:25 | Create | Villager (Male) |
| 21:26 | Research | Horse Collar |
| 21:37 | Build | Farm |
| 21:38 | Create | Villager (Male) |
| 21:42 | Create | Villager (Male) |
| 21:53 | Build | Farm |
| 21:54 | Build | Farm |
| 21:54 | Build | Farm |
| 21:54 | Build | Farm |
| 22:06 | Create | Villager (Male) ×2 |
| 22:13 | Build | Farm |
| 22:13 | Build | Farm |
| 22:13 | Build | Farm |
| 22:14 | Build | Farm |
| 22:14 | Build | Farm |
| 22:14 | Build | Farm |
| 22:24 | Build | Farm |
| 22:42 | Build | Farm |
| 22:44 | Create | Villager (Male) |
| 23:00 | Create | Villager (Male) |
| 23:09 | Create | Trade Cart |
| 23:17 | Build | Farm |
| 23:17 | Build | Farm |
| 23:17 | Build | Farm |
| 23:20 | Create | Villager (Male) |
| 23:22 | Create | Villager (Male) |
| 23:27 | Build | Farm |
| 23:27 | Build | Farm |
| 23:27 | Build | Farm |
| 23:36 | Create | Villager (Male) |
| 23:36 | Create | Villager (Male) |
| 23:38 | Create | Villager (Male) |
| 23:43 | Create | Villager (Male) |
| 23:53 | Create | Villager (Male) |
| 24:02 | Build | Farm |
| 24:06 | Build | Farm |
| 24:07 | Build | Farm |
| 24:07 | Build | Farm |
| 24:10 | Create | Villager (Male) |
| 24:16 | Build | House |
| 24:17 | Build | House |
| 24:18 | Build | House |
| 24:22 | Build | House |
| 24:23 | Build | House |
| 24:27 | Create | Villager (Male) ×3 |
| 24:35 | Build | Farm |
| 24:42 | Create | Villager (Male) |
| 25:07 | Create | Villager (Male) |
| 25:10 | Create | Villager (Male) |
| 25:12 | Create | Villager (Male) |
| 25:13 | Create | Villager (Male) |
| 25:26 | Build | Farm |
| 25:26 | Build | Farm |
| 25:29 | Create | Villager (Male) |
| 25:33 | Create | Villager (Male) |
| 25:49 | Build | Stable |
| 25:50 | Create | Villager (Male) |
| 25:51 | Create | Villager (Male) ×4 |
| 25:59 | Build | House |
| 26:01 | Build | House |
| 26:02 | Build | House |
| 26:04 | Build | House |
| 26:10 | Create | Villager (Male) ×3 |
| 26:28 | Build | Town Center |
| 26:34 | Create | Villager (Male) ×4 |
| 26:43 | Create | Villager (Male) |
| 26:47 | Create | Villager (Male) |
| 26:53 | Create | Scout Cavalry |
| 26:53 | Create | Scout Cavalry |
| 26:55 | Build | Farm |
| 27:00 | Create | Villager (Male) |
| 27:09 | Build | Farm |
| 27:10 | Build | Farm |
| 27:10 | Build | Farm |
| 27:13 | Create | Villager (Male) ×2 |
| 27:30 | Research | Wheelbarrow |
| 27:30 | Create | Villager (Male) |
| 27:31 | Create | Villager (Male) |
| 28:13 | Build | Town Center |
| 28:17 | Create | Villager (Male) ×4 |
| 28:33 | Create | Villager (Male) ×3 |
| 28:42 | Build | House |
| 28:45 | Build | House |
| 28:46 | Build | House |
| 28:54 | Create | Scout Cavalry |
| 29:09 | Create | Villager (Male) ×2 |
| 29:14 | Create | Villager (Male) |
Build order — Pchelovek
First 150 of 902 actions detected
| 0:39 | Build | Town Center |
| 0:59 | Build | House |
| 1:01 | Build | House |
| 2:44 | Research | Loom |
| 3:19 | Build | Mill |
| 3:29 | Create | Villager (Male) |
| 3:58 | Create | Villager (Male) |
| 4:30 | Create | Villager (Male) |
| 4:31 | Create | Villager (Male) |
| 5:08 | Create | Villager (Male) |
| 5:34 | Create | Villager (Male) |
| 5:34 | Create | Villager (Male) |
| 6:01 | Create | Villager (Male) |
| 6:01 | Create | Villager (Male) |
| 6:20 | Create | Villager (Male) |
| 6:20 | Create | Villager (Male) |
| 7:00 | Create | Villager (Male) |
| 7:00 | Create | Villager (Male) |
| 7:24 | Create | Villager (Male) |
| 7:24 | Create | Villager (Male) |
| 7:24 | Create | Villager (Male) |
| 7:38 | Create | Villager (Male) |
| 8:10 | Create | Villager (Male) |
| 8:11 | Create | Villager (Male) |
| 8:45 | Build | Mining Camp |
| 9:13 | Create | Villager (Male) |
| 9:13 | Create | Villager (Male) |
| 9:30 | Build | House |
| 9:43 | Create | Villager (Male) |
| 10:08 | Create | Villager (Male) |
| 10:27 | Create | Villager (Male) |
| 10:35 | Build | House |
| 10:55 | Build | Mill |
| 11:03 | Build | Farm |
| 11:06 | Create | Villager (Male) |
| 11:11 | Build | Farm |
| 11:15 | Build | Farm |
| 11:17 | Create | Villager (Male) |
| 12:11 | Create | Villager (Male) |
| 12:11 | Create | Villager (Male) |
| 12:24 | Build | Barracks |
| 12:27 | Create | Villager (Male) |
| 12:34 | Build | House |
| 12:39 | Build | House |
| 12:42 | Create | Villager (Male) |
| 12:55 | Build | Farm |
| 13:14 | Create | Villager (Male) |
| 13:23 | Build | Farm |
| 13:35 | Build | Farm |
| 13:37 | Create | Villager (Male) |
| 13:44 | Create | Villager (Male) |
| 13:47 | Build | Farm |
| 14:15 | Build | Farm |
| 14:52 | Build | Lumber Camp |
| 14:57 | Create | Villager (Male) |
| 15:21 | Research | Feudal Age |
| 15:35 | Create | Villager (Male) |
| 15:44 | Create | Villager (Male) |
| 16:27 | Build | Mill |
| 17:31 | Age | Feudal Age |
| 17:33 | Research | Horse Collar |
| 17:35 | Research | Double-Bit Axe |
| 17:41 | Create | Villager (Male) |
| 18:04 | Build | Blacksmith |
| 18:07 | Create | Villager (Male) |
| 18:26 | Build | Stable |
| 18:28 | Create | Villager (Male) |
| 19:13 | Create | Villager (Male) |
| 19:24 | Build | Farm |
| 19:32 | Create | Scout Cavalry |
| 19:44 | Build | Market |
| 19:49 | Create | Villager (Male) |
| 20:16 | Build | Farm |
| 20:18 | Create | Villager (Male) |
| 20:36 | Build | House |
| 20:37 | Build | House |
| 20:41 | Research | Castle Age |
| 20:46 | Build | Farm |
| 20:49 | Build | Farm |
| 20:50 | Build | Farm |
| 21:07 | Build | Outpost |
| 21:15 | Build | Farm |
| 21:17 | Create | Villager (Male) |
| 21:39 | Create | Villager (Male) |
| 21:57 | Build | Mill |
| 22:10 | Build | Farm |
| 22:59 | Build | Lumber Camp |
| 23:12 | Build | Lumber Camp |
| 23:31 | Create | Villager (Male) |
| 23:31 | Age | Castle Age |
| 23:37 | Research | Bow Saw |
| 23:58 | Build | Castle |
| 24:04 | Create | Villager (Male) |
| 24:10 | Research | Wheelbarrow |
| 24:19 | Create | Villager (Male) |
| 24:26 | Build | Farm |
| 24:28 | Create | Villager (Male) |
| 24:56 | Create | Scout Cavalry |
| 24:59 | Create | Villager (Male) |
| 25:19 | Research | Forging |
| 25:40 | Build | Town Center |
| 25:47 | Create | Villager (Male) |
| 26:21 | Build | Town Center |
| 26:42 | Create | Villager (Male) |
| 26:42 | Create | Villager (Male) |
| 26:43 | Create | Villager (Male) |
| 26:52 | Build | University |
| 26:58 | Build | Farm |
| 27:02 | Create | Villager (Male) |
| 27:02 | Create | Villager (Male) |
| 27:24 | Build | Stone Wall |
| 27:28 | Build | Gate |
| 27:29 | Create | Villager (Male) |
| 27:29 | Create | Villager (Male) |
| 27:39 | Research | Great Wall |
| 27:41 | Create | Villager (Male) |
| 27:41 | Create | Villager (Male) |
| 27:42 | Create | Villager (Male) |
| 27:48 | Build | Mining Camp |
| 27:53 | Build | House |
| 27:54 | Build | House |
| 27:55 | Build | House |
| 27:56 | Build | House |
| 27:57 | Build | House |
| 28:03 | Build | House |
| 28:05 | Build | House |
| 28:06 | Build | House |
| 28:07 | Build | House |
| 28:08 | Create | Villager (Male) |
| 28:09 | Create | Villager (Male) |
| 28:10 | Create | Villager (Male) |
| 28:21 | Build | Stone Wall |
| 28:26 | Build | Gate |
| 28:29 | Create | Villager (Male) |
| 28:29 | Create | Villager (Male) |
| 28:31 | Create | Villager (Male) |
| 28:43 | Build | Outpost |
| 28:46 | Research | Town Watch |
| 28:47 | Create | Villager (Male) |
| 28:47 | Create | Villager (Male) |
| 28:48 | Create | Villager (Male) |
| 28:53 | Create | Villager (Male) |
| 28:57 | Build | Farm |
| 28:59 | Research | Heavy Plow |
| 29:03 | Build | Farm |
| 29:08 | Build | Farm |
| 29:11 | Create | Villager (Male) |
| 29:12 | Create | Villager (Male) |
| 29:20 | Build | Mining Camp |
| 29:28 | Research | Gold Mining |
Build order — BigTasty
First 150 of 434 actions detected
| 1:05 | Build | Town Center |
| 2:26 | Build | House |
| 3:09 | Create | Villager (Male) |
| 3:10 | Create | Villager (Male) |
| 3:10 | Create | Villager (Male) |
| 3:10 | Create | Villager (Male) |
| 3:11 | Create | Villager (Male) |
| 4:40 | Build | House |
| 4:43 | Create | Villager (Male) |
| 4:44 | Create | Villager (Male) |
| 5:16 | Create | Villager (Male) |
| 5:16 | Create | Villager (Male) |
| 5:54 | Create | Villager (Male) |
| 5:55 | Create | Villager (Male) |
| 6:23 | Create | Villager (Male) |
| 6:23 | Create | Villager (Male) |
| 6:39 | Create | Villager (Male) |
| 7:12 | Create | Villager (Male) |
| 7:12 | Create | Villager (Male) |
| 7:12 | Create | Villager (Male) |
| 7:32 | Build | House |
| 7:38 | Create | Villager (Male) |
| 7:38 | Create | Villager (Male) |
| 7:49 | Build | House |
| 8:11 | Create | Villager (Male) |
| 8:12 | Create | Villager (Male) |
| 8:12 | Create | Villager (Male) |
| 8:49 | Create | Villager (Male) |
| 8:50 | Create | Villager (Male) |
| 9:45 | Build | Mill |
| 9:50 | Create | Villager (Male) |
| 9:50 | Create | Villager (Male) |
| 10:17 | Create | Villager (Male) |
| 10:17 | Create | Villager (Male) |
| 10:54 | Create | Villager (Male) |
| 10:54 | Create | Villager (Male) |
| 10:55 | Create | Villager (Male) |
| 11:37 | Build | Lumber Camp |
| 11:49 | Build | House |
| 12:57 | Create | Villager (Male) |
| 13:21 | Create | Villager (Male) |
| 13:24 | Build | Farm |
| 13:27 | Build | Farm |
| 13:40 | Research | Loom |
| 13:52 | Build | Farm |
| 13:56 | Build | Farm |
| 14:02 | Build | House |
| 14:03 | Build | House |
| 14:14 | Create | Villager (Male) |
| 14:21 | Build | Farm |
| 14:23 | Build | Farm |
| 14:28 | Build | Farm |
| 14:37 | Research | Feudal Age |
| 14:49 | Build | Mining Camp |
| 15:14 | Build | Mining Camp |
| 15:26 | Build | Mining Camp |
| 15:36 | Build | Barracks |
| 15:54 | Create | Villager (Male) |
| 15:54 | Create | Villager (Male) |
| 16:49 | Age | Feudal Age |
| 16:53 | Create | Villager (Male) |
| 16:58 | Build | Stable |
| 17:02 | Research | Double-Bit Axe |
| 17:08 | Research | Stone Mining |
| 17:29 | Create | Villager (Male) |
| 17:48 | Build | Market |
| 17:55 | Create | Villager (Male) |
| 18:15 | Create | Scout Cavalry |
| 18:15 | Create | Scout Cavalry |
| 18:45 | Build | Farm |
| 18:47 | Build | Farm |
| 18:48 | Build | Farm |
| 18:51 | Build | Farm |
| 18:55 | Create | Villager (Male) |
| 19:19 | Create | Villager (Male) |
| 19:45 | Create | Villager (Male) |
| 20:25 | Research | Castle Age |
| 20:34 | Build | House |
| 20:34 | Build | House |
| 20:34 | Build | House |
| 20:35 | Build | House |
| 20:35 | Build | House |
| 21:17 | Research | Gold Mining |
| 21:25 | Research | Horse Collar |
| 21:30 | Build | Farm |
| 21:34 | Create | Villager (Male) |
| 22:27 | Create | Villager (Male) |
| 23:05 | Age | Castle Age |
| 23:10 | Build | Castle |
| 23:46 | Create | Villager (Male) |
| 23:53 | Research | Light Cavalry (upgrade) |
| 23:56 | Build | House |
| 23:57 | Build | House |
| 23:57 | Build | House |
| 23:57 | Build | House |
| 23:57 | Build | House |
| 23:58 | Build | House |
| 24:00 | Create | Villager (Male) |
| 24:01 | Create | Villager (Male) |
| 24:33 | Create | Villager (Male) |
| 24:34 | Create | Villager (Male) |
| 24:44 | Build | Farm |
| 24:45 | Build | Farm |
| 24:46 | Build | Farm |
| 24:47 | Build | Farm |
| 25:16 | Create | Villager (Male) |
| 25:16 | Create | Villager (Male) |
| 25:17 | Create | Villager (Male) |
| 25:17 | Create | Villager (Male) |
| 25:20 | Build | Farm |
| 25:25 | Create | Camel Archer |
| 25:25 | Create | Camel Archer |
| 25:25 | Create | Camel Archer |
| 25:40 | Research | Bow Saw |
| 25:41 | Build | Farm |
| 25:56 | Create | Villager (Male) |
| 25:57 | Create | Villager (Male) |
| 25:57 | Create | Villager (Male) |
| 26:09 | Create | Camel Archer |
| 26:10 | Create | Camel Archer |
| 26:11 | Create | Villager (Male) |
| 26:35 | Create | Camel Archer |
| 26:57 | Build | Blacksmith |
| 27:01 | Create | Villager (Male) |
| 27:42 | Create | Villager (Male) |
| 27:56 | Build | Castle |
| 28:29 | Create | Villager (Male) |
| 28:47 | Build | Town Center |
| 28:51 | Create | Villager (Male) |
| 28:52 | Create | Villager (Male) |
| 28:57 | Create | Camel Archer |
| 28:57 | Create | Camel Archer |
| 28:57 | Create | Camel Archer |
| 28:57 | Create | Camel Archer |
| 28:58 | Create | Camel Archer |
| 29:03 | Research | Fletching |
| 29:06 | Research | Padded Archer Armor |
| 29:21 | Research | Gold Shaft Mining |
| 29:26 | Create | Villager (Male) |
| 29:26 | Create | Villager (Male) |
| 30:00 | Create | Villager (Male) |
| 30:10 | Research | Bloodlines |
| 30:11 | Create | Villager (Male) |
| 30:11 | Create | Villager (Male) |
| 30:12 | Create | Villager (Male) |
| 30:31 | Create | Camel Archer |
| 30:32 | Create | Camel Archer |
| 30:51 | Create | Camel Archer |
| 30:51 | Create | Camel Archer |
| 30:57 | Create | Villager (Male) |
Match timeline
| 8:33 | MM10X · wall_segment Palisade Wall x26 |
| 8:51 | MM10X · wall_segment Palisade Wall x1 |
| 10:42 | MM10X · wall_segment Palisade Wall x10 |
| 12:03 | MM10X · first_building Barracks |
| 12:24 | Pchelovek · first_building Barracks |
| 12:51 | MM10X · wall_segment Palisade Wall x6 |
| 14:04 | MM10X · wall_segment Palisade Wall x4 |
| 14:13 | REY MICAEL · age_up feudal |
| 14:30 | Rowdy · first_building Barracks |
| 15:09 | Juanma_Breda · age_up feudal |
| 15:16 | MM10X · age_up feudal |
| 15:23 | Ironteden · age_up feudal |
| 15:36 | BigTasty · first_building Barracks |
| 16:13 | MM10X · first_building Stable |
| 16:33 | MM10X · wall_segment Stone Wall x7 |
| 16:49 | BigTasty · age_up feudal |
| 16:58 | BigTasty · first_building Stable |
| 17:03 | REY MICAEL · first_market_buy 100 food |
| 17:06 | REY MICAEL · first_market_sell 100 wood |
| 17:18 | Rowdy · age_up feudal |
| 17:31 | Pchelovek · age_up feudal |
| 17:54 | MM10X · wall_segment Stone Wall x2 |
| 17:57 | MM10X · wall_segment Stone Wall x3 |
| 18:26 | Pchelovek · first_building Stable |
| 18:26 | Rowdy · first_building Stable |
| 18:45 | MM10X · wall_segment Stone Wall x3 |
| 19:10 | topuzergun91 · age_up feudal |
| 19:11 | MM10X · wall_segment Stone Wall x2 |
| 19:14 | MM10X · wall_segment Stone Wall x2 |
| 19:51 | REY MICAEL · age_up castle |
| 20:00 | Ironteden · age_up castle |
| 20:07 | BigTasty · first_market_buy 100 food |
| 20:11 | BigTasty · first_market_sell 100 wood |
| 20:48 | Rowdy · wall_segment Stone Wall x5 |
| 21:05 | REY MICAEL · first_building Barracks |
| 21:05 | topuzergun91 · first_market_buy 100 food |
| 21:06 | Ironteden · first_building Monastery |
| 21:25 | MM10X · wall_segment Stone Wall x7 |
| 21:30 | Juanma_Breda · resign |
| 22:32 | Rowdy · wall_segment Stone Wall x22 |
| 22:54 | Rowdy · age_up castle |
| 23:05 | BigTasty · age_up castle |
| 23:10 | Rowdy · first_market_buy 100 wood |
| 23:10 | BigTasty · first_building Castle |
| 23:19 | topuzergun91 · wall_segment Stone Wall x16 |
| 23:26 | topuzergun91 · wall_segment Stone Wall x15 |
| 23:31 | topuzergun91 · wall_segment Stone Wall x5 |
| 23:31 | Pchelovek · age_up castle |
| 23:37 | topuzergun91 · wall_segment Stone Wall x5 |
| 23:40 | topuzergun91 · wall_segment Stone Wall x5 |
| 23:48 | MM10X · wall_segment Stone Wall x5 |
| 23:50 | MM10X · wall_segment Stone Wall x4 |
| 23:58 | Pchelovek · first_building Castle |
| 24:33 | topuzergun91 · wall_segment Stone Wall x1 |
| 24:47 | topuzergun91 · age_up castle |
| 24:57 | MM10X · wall_segment Stone Wall x1 |
| 25:34 | topuzergun91 · wall_segment Stone Wall x21 |
| 25:49 | REY MICAEL · first_building Stable |
| 26:31 | topuzergun91 · first_building Monastery |
| 26:36 | MM10X · age_up castle |
| 26:42 | Rowdy · first_building Castle |
| 27:24 | Pchelovek · wall_segment Stone Wall x16 |
| 27:31 | MM10X · wall_segment Stone Wall x3 |
| 27:56 | MM10X · first_building Siege Workshop |
| 28:19 | Rowdy · first_building Siege Workshop |
| 28:21 | Pchelovek · wall_segment Stone Wall x4 |
| 29:20 | Ironteden · first_building Barracks |
| 29:42 | REY MICAEL · first_building Castle |
| 30:31 | Ironteden · first_building Stable |
| 30:55 | REY MICAEL · first_building Archery Range |
| 31:52 | Pchelovek · wall_segment Stone Wall x7 |
| 32:07 | MM10X · first_building Castle |
| 32:14 | Pchelovek · first_building Archery Range |
| 32:40 | Pchelovek · wall_segment Stone Wall x11 |
| 33:56 | Pchelovek · wall_segment Stone Wall x5 |
| 34:00 | Pchelovek · wall_segment Stone Wall x1 |
| 34:26 | Ironteden · first_building Castle |
| 35:49 | topuzergun91 · first_building Castle |
| 36:06 | Ironteden · first_building Siege Workshop |
| 36:25 | MM10X · wall_segment Stone Wall x1 |
| 36:42 | Pchelovek · wall_segment Stone Wall x4 |
| 36:53 | BigTasty · first_building Monastery |
| 37:16 | Ironteden · age_up imperial |
| 37:46 | Rowdy · age_up imperial |
| 38:15 | MM10X · wall_segment Stone Wall x3 |
| 38:34 | Pchelovek · wall_segment Stone Wall x6 |
| 39:14 | Pchelovek · age_up imperial |
| 39:27 | REY MICAEL · first_building Siege Workshop |
| 40:19 | Pchelovek · first_building Siege Workshop |
| 40:40 | BigTasty · age_up imperial |
| 40:52 | Ironteden · wall_segment Stone Wall x11 |
| 40:58 | topuzergun91 · age_up imperial |
| 41:16 | Ironteden · first_market_sell 100 food |
| 42:29 | Ironteden · wall_segment Stone Wall x1 |
| 42:30 | Ironteden · wall_segment Stone Wall x1 |
| 43:10 | BigTasty · first_building Siege Workshop |
| 43:19 | REY MICAEL · age_up imperial |
| 43:29 | Ironteden · first_building Archery Range |
| 44:23 | Ironteden · wall_segment Stone Wall x9 |
| 44:34 | topuzergun91 · first_building Barracks |
| 45:01 | Pchelovek · wall_segment Stone Wall x5 |
| 45:34 | Ironteden · wall_segment Stone Wall x5 |
| 45:41 | Ironteden · wall_segment Stone Wall x10 |
| 45:46 | Ironteden · wall_segment Stone Wall x12 |
| 45:52 | Ironteden · wall_segment Stone Wall x6 |
| 46:12 | topuzergun91 · first_building Stable |
| 47:27 | topuzergun91 · first_building Siege Workshop |
| 48:17 | MM10X · wall_segment Stone Wall x10 |
| 48:48 | Ironteden · wall_segment Stone Wall x9 |
| 48:59 | topuzergun91 · first_building Archery Range |
| 49:11 | MM10X · age_up imperial |
| 49:48 | Rowdy · first_building Monastery |
| 49:53 | Ironteden · wall_segment Stone Wall x9 |
| 53:06 | Pchelovek · wall_segment Stone Wall x3 |
| 53:48 | MM10X · first_building Monastery |
| 59:23 | Ironteden · wall_segment Stone Wall x14 |
| 59:24 | Ironteden · wall_segment Stone Wall x14 |
| 59:59 | Ironteden · wall_segment Stone Wall x14 |
| 61:10 | Pchelovek · wall_segment Stone Wall x17 |
| 61:34 | Rowdy · wall_segment Stone Wall x12 |
| 61:42 | Rowdy · wall_segment Stone Wall x29 |
| 63:13 | topuzergun91 · wall_segment Stone Wall x12 |
| 63:21 | topuzergun91 · wall_segment Stone Wall x3 |
| 63:26 | topuzergun91 · wall_segment Stone Wall x7 |
| 64:34 | MM10X · wall_segment Stone Wall x12 |
| 66:42 | MM10X · wall_segment Stone Wall x1 |
| 69:02 | MM10X · wall_segment Stone Wall x3 |
| 69:06 | MM10X · wall_segment Stone Wall x10 |
| 69:17 | MM10X · wall_segment Stone Wall x15 |
| 69:27 | MM10X · wall_segment Stone Wall x13 |
| 70:04 | MM10X · wall_segment Stone Wall x8 |
| 70:33 | topuzergun91 · first_market_sell 500 wood |
| 71:29 | MM10X · wall_segment Stone Wall x4 |
| 72:21 | MM10X · wall_segment Stone Wall x15 |
| 74:24 | MM10X · wall_segment Stone Wall x1 |
| 77:02 | MM10X · wall_segment Stone Wall x9 |
| 77:56 | Pchelovek · wall_segment Stone Wall x2 |
| 79:38 | Rowdy · first_building Archery Range |
| 80:32 | MM10X · wall_segment Stone Wall x17 |
| 80:34 | MM10X · wall_segment Stone Wall x11 |
| 80:48 | Pchelovek · first_market_buy 100 stone |
| 81:04 | Pchelovek · wall_segment Stone Wall x7 |
| 81:10 | Pchelovek · wall_segment Stone Wall x8 |
| 81:12 | MM10X · wall_segment Stone Wall x1 |
| 83:56 | Pchelovek · wall_segment Stone Wall x11 |
| 84:38 | Pchelovek · wall_segment Stone Wall x1 |
| 84:41 | Pchelovek · wall_segment Stone Wall x1 |
| 85:59 | Pchelovek · wall_segment Stone Wall x1 |
| 86:12 | MM10X · wall_segment Stone Wall x1 |
| 87:14 | MM10X · wall_segment Stone Wall x15 |
| 87:16 | Pchelovek · wall_segment Stone Wall x7 |
| 88:14 | Pchelovek · wall_segment Stone Wall x5 |
| 89:01 | MM10X · wall_segment Stone Wall x3 |
| 89:41 | MM10X · wall_segment Stone Wall x1 |
| 94:17 | MM10X · wall_segment Stone Wall x17 |
| 101:59 | Rowdy · first_market_sell 500 food |
| 104:03 | MM10X · first_market_sell 500 wood |
| 107:23 | Pchelovek · first_market_sell 500 food |
| 107:45 | MM10X · wall_segment Stone Wall x23 |
| 117:36 | MM10X · wall_segment Stone Wall x1 |
| 117:37 | MM10X · wall_segment Stone Wall x1 |
| 117:38 | MM10X · wall_segment Stone Wall x1 |
| 119:44 | MM10X · wall_segment Stone Wall x1 |
| 119:44 | MM10X · wall_segment Stone Wall x1 |
| 119:46 | MM10X · wall_segment Stone Wall x1 |
| 119:47 | MM10X · wall_segment Stone Wall x1 |
| 119:47 | MM10X · wall_segment Stone Wall x1 |
| 119:48 | MM10X · wall_segment Stone Wall x1 |
| 132:31 | MM10X · wall_segment Stone Wall x2 |
| 132:33 | MM10X · wall_segment Stone Wall x4 |
| 134:56 | MM10X · wall_segment Stone Wall x8 |
| 137:19 | MM10X · wall_segment Stone Wall x3 |
| 137:27 | MM10X · wall_segment Stone Wall x6 |
| 139:09 | MM10X · first_market_buy 100 stone |
| 139:25 | MM10X · wall_segment Stone Wall x8 |
| 139:26 | MM10X · wall_segment Stone Wall x3 |
[ AI ANALYSIS · 1 CREDIT ]
What really happened in this match?
Wolo.gg analyzes every decision: build order, eco, micro, common mistakes by bracket. Personalized analysis on WhatsApp or Discord in 30 seconds.
Civ guide
Turks
Map guide
Land Nomad
Perfil
Jugador #8514746